 Dungeon Crawl Stone Soup version 0.17-a0-896-g249456b (console) character file.

87 dunyain the Chopper (level 4, -5/33 HPs)
             Began as a Demonspawn Gladiator on May 1, 2015.
             Slain by a crocodile (11 damage)
             ... in a sewer.
             The game lasted 00:02:41 (2243 turns).

dunyain the Chopper (Demonspawn Gladiator)          Turns: 2243, Time: 00:02:42

Health: -5/33      AC:  8    Str: 16    XL:     4   Next: 28%
Magic:  4/4        EV: 11    Int:  9    God:
Gold:   123        SH:  0    Dex: 14    Spells: 0 memorised, 3 levels left

rFire  . . .     SeeInvis .     a - +0 war axe
rCold  . . .     Clarity  .     j - +0 ring mail (curse)
rNeg   + . .     SustAb   .     (no shield)
rPois  +         Gourm    .     c - +0 helmet
rElec  .         Spirit   .     (no cloak)
rCorr  .         Warding  .     (no gloves)
rMut   .         Stasis   .     u - +0 pair of boots
MR     .....                    (no amulet)
Stlth  +.........               (no ring)
                                o - ring of positive energy

@: not resistant to hostile enchantments, very unstealthy
A: hooves 1, rugged brown scales 1, poison resistance
a: no special abilities


You were in a sewer.
You were not hungry.

You visited 1 branch of the dungeon, and saw 3 of its levels.
You also visited: Sewer.

You collected 123 gold pieces.

Inventory:

Hand weapons
 a - a +0 war axe (weapon)
Missiles
 d - 3 throwing nets (quivered)
Armour
 b - a +0 leather armour
 c - a +0 helmet (worn)
 j - a cursed +0 ring mail (worn)
 u - a +0 pair of boots (worn)
Jewellery
 o - a ring of positive energy (left hand)
Scrolls
 h - 4 scrolls of identify {unknown}
 k - a scroll of remove curse {unknown}
 l - 2 scrolls of magic mapping {unknown}
 m - a scroll of enchant weapon {unknown}
 n - a scroll of fear {unknown}
 p - a scroll of fog {unknown}
 q - a scroll of teleportation {unknown}
 r - a scroll of recharging {unknown}
 w - a scroll of noise {unknown}
 y - a scroll of blinking {unknown}
Comestibles
 e - a bread ration
 f - a slice of pizza
 x - 4 chunks of flesh


   Skills:
 - Level 2.0 Fighting
 + Level 4.6 Axes
 - Level 1.7 Throwing
 - Level 2.6 Dodging


You had 3 spell levels left.
You didn't know any spells.

Dungeon Overview and Level Annotations

Branches:
Dungeon (3/15)

Altars:


Innate Abilities, Weirdness & Mutations

You have large cloven feet.
You are partially covered in rugged brown scales (AC +1, +3% HP).
Your system is resistant to poisons.


Message History

The crocodile is moderately wounded.
The crocodile bites you. The crocodile closely misses you.
You hit the crocodile but do no damage.
The crocodile is moderately wounded.
The crocodile bites you.
You slash the crocodile!
The crocodile is severely wounded.
The crocodile closely misses you.
You barely miss the crocodile.
The crocodile is severely wounded.
The crocodile bites you but does no damage.
You hit the crocodile.
The crocodile is severely wounded.
The crocodile bites you!
* * * LOW HITPOINT WARNING * * *
The crocodile bites you but does no damage.
You hit the crocodile but do no damage.
The crocodile is severely wounded.
The crocodile bites you!
You die...

#.≈≈
#≈..# ..#
##≈.# .
#..# #
#..# #≈
##.≈# #.≈
#.≈.# #..
##≈.##
#...#...#
#.≈≈@.##
#.≈≈t.#
##..≈##
#.≈≈#
≈#.#.
?$#. [ ##
## #


You could see a crocodile.

Vanquished Creatures
  An adder (D:2)
  An ooze (D:3)
  A worm (D:2)
  4 giant geckos
  An orc (D:3)
  8 giant cockroaches
  4 goblins (D:2)
  9 hobgoblins
  8 jackals
  9 bats
  5 giant newts
  8 kobolds
  7 rats
66 creatures vanquished.

Notes
Turn   | Place    | Note
--------------------------------------------------------------
     0 | D:1      | dunyain, the Demonspawn Gladiator, began the quest for the Orb.
     0 | D:1      | Reached XP level 1. HP: 16/16 MP: 1/1
   109 | D:1      | Reached skill level 3 in Axes
   138 | D:1      | Gained mutation: You have large cloven feet. [demonic ancestry]
   138 | D:1      | Reached XP level 2. HP: 22/22 MP: 2/2
   742 | D:1      | Reached XP level 3. HP: 27/27 MP: 3/3
   868 | D:2      | Reached skill level 4 in Axes
  2013 | D:3      | Gained mutation: You are partially covered in rugged brown scales (AC +1, +3% HP). [demonic ancestry]
  2013 | D:3      | Reached XP level 4. HP: 26/33 MP: 4/4
  2066 | D:3      | Found a glowing drain.
  2092 | Sewer    | Entered a sewer
  2230 | Sewer    | Noticed a crocodile
  2233 | Sewer    | Gained mutation: Your system is resistant to poisons. [potion of beneficial mutation]
  2243 | Sewer    | Slain by a crocodile

Action                   |  1- 3 |  4- 6 || total
-------------------------+-------+-------++-------
Melee: War axe           |   147 |    54 ||   201
  Use: Potion            |       |     3 ||     3
  Eat: Chunk             |     3 |     2 ||     5
